 Dungeon Crawl Stone Soup version 0.30-a0-702-gdf48620a09 (webtiles) character file.

Game seed: 8600997757075847462

51 holysushi the Shooter (level 4, 0/27 (33) HPs)
             Began as a Formicid Hunter on Jan 21, 2023.
             Slain by a gnoll
             ... wielding a +0 flail
              (9 damage)
             ... on level 2 of the Dungeon.
             The game lasted 00:00:58 (772 turns).

holysushi the Shooter (Formicid Hunter)              Turns: 772, Time: 00:00:59

HP:   0/27 (33)     AC:  3    Str: 16    XL:     4   Next: 5%
MP:   4/4           EV: 12    Int:  8    God:
Gold: 28            SH:  0    Dex: 19    Spells: 3/3 levels left

rFire   . . .      SeeInvis +    e - +2 whip (elec)
rCold   . . .      Faith    .    (no shield)
rNeg    . . .      Spirit   .    c - +0 leather armour
rPois   .          Reflect  .    (helmet unavailable)
rElec   .          Harm     .    (no cloak)
rCorr   .          Rampage  .    (no gloves)
Will    .....                    (no boots)
Stlth   ++                       (no amulet)
HPRegen 0.24/turn                (no ring)
MPRegen 0.09/turn                (no ring)

@: heavily drained
A: permanent stasis, dig shafts and tunnels, antennae 3, four strong arms
a: Dig, Shaft Self


You were on level 2 of the Dungeon.
You visited 1 branch of the dungeon, and saw 2 of its levels.

You collected 28 gold pieces.

Inventory:

Hand Weapons
 a - a +0 shortbow
 e - a +2 whip of electrocution (weapon)
Armour
 c - a +0 leather armour (worn)
Scrolls
 b - a scroll of immolation
 d - 2 scrolls of teleportation {unknown}
 g - 2 scrolls of poison {unknown}
 h - 2 scrolls of blinking {unknown}
 i - a scroll of identify {unknown}
 j - a scroll of amnesia {unknown}
Potions
 f - a potion of heal wounds {unknown}


   Skills:
 - Level 2.1 Fighting
 + Level 5.3 Ranged Weapons
 - Level 1.7 Dodging
 - Level 1.2 Stealth


You had 3 spell levels left.
You didn't know any spells.
Your spell library was empty.

Dungeon Overview and Level Annotations

Branches:
Dungeon (2/15) Zot: 11208

Altars:


Innate Abilities, Weirdness & Mutations

You cannot be hasted, slowed, berserked, paralysed or teleported.
You can dig through walls and to a lower floor.
You have a pair of large antennae on your head. (SInv)
Your four strong arms can wield two-handed weapons with a shield.


Message History

The arrow hits the gnoll but does no damage.
The gnoll is severely wounded.
The gnoll hits you from afar with a +1 vampiric spear!
You shoot an arrow.
The arrow hits the gnoll but does no damage.
The gnoll is severely wounded.
The gnoll hits you from afar with a +1 vampiric spear!
You are too injured to fight recklessly!
The gnoll attacks as you move away! The gnoll hits you but does no damage.
You are too injured to fight recklessly!
You are too injured to fight recklessly!
You are too injured to fight recklessly!
Non-targeted abil: Dig
Press: ? - help, Q - select action, (/) - cycle Dir - look around, f - activate You extend your mandibles.
Non-targeted abil: Dig
Press: ? - help, Q - select action, (/) - cycle Dir - look around, f - activate Look: a gnoll, wielding a +0 flail You retract your mandibles.
Non-targeted abil: Dig
Press: ? - help, Q - select action, (/) - cycle Dir - look around, f - activate Look: a gnoll, wielding a +0 flail You extend your mandibles.
Okay, then.
Non-targeted abil: Dig
Press: ? - help, Q - select action, (/) - cycle Dir - look around, f - activate
Okay, then.
You dig through the rock wall.
You feel drained.
You dig through the rock wall.
You feel drained. The gnoll attacks as you move away!
The gnoll hits you with a +0 flail.
You dig through the rock wall.
You feel drained. The gnoll attacks as you move away!
The gnoll hits you with a +0 flail.
* * * LOW HITPOINT WARNING * * *
Okay, then.
You hear the crackle of electricity.
e - a +2 whip of electrocution (weapon)
The gnoll barely misses you.
You retract your mandibles.
You closely miss the gnoll. The gnoll hits you with a +0 flail!
You die...

#.##.###.# #(#
####.#......# #(#
###.........#.# #.#
.).........##.# #.#
###.##.....##.#####.#
.. #........g.....#
## #........##{#.##
#####...###.#g##.##
............##@#..#
######)#########.#
#....†..# #.#
#.####..# #§# #.#
#..# #§# ####.####..#
#≈# ............ #≈#
...#.###...## #.#
##.#... ....


You could see a gnoll.

Vanquished Creatures
  2 gnolls
  An adder (D:2)
  4 bats
  4 endoplasms
  2 hobgoblins
  A quokka (D:1)
  A ball python (D:2)
  A frilled lizard (D:2)
  3 goblins (D:2)
  2 kobolds (D:1)
  3 rats
24 creatures vanquished.

Notes
Turn   | Place    | Note
-------+----------+-------------------------------------------
     0 | D:1      | holysushi the Formicid Hunter began the quest for the Orb.
     0 | D:1      | Reached XP level 1. HP: 16/16 MP: 1/1
    31 | D:1      | Reached XP level 2. HP: 22/22 MP: 2/2
   354 | D:1      | Reached XP level 3. HP: 27/27 MP: 3/3
   636 | D:2      | Reached skill level 5 in Ranged Weapons
   753 | D:2      | Reached XP level 4. HP: 33/33 MP: 4/4
   772 | D:2      | Slain by a gnoll

Illustrated notes

Levels and vault maps discovered:
D:1:      dpeg_arrival_simpleton_c, layout_basic,
          corexii_item_surrounded_by_moat, hangedman_decor_slide_cut
D:2:      layout_loops_corners, corexii_corridor_pit, uniq_jessica

Skill      XL: |  1  2  3 |
---------------+----------+-----
Ranged Weapons | 5 |  5.3
Fighting       | |  2.1
Dodging        | |  1.7
Stealth        | |  1.2

Action                   |  1- 3 |  4- 6 || total
-------------------------+-------+-------++-------
Melee: Whip              |       |     1 ||     1
 Fire: Shortbow          |    62 |     5 ||    67
 Abil: Dig               |       |     3 ||     3
Armor: Leather armour    |    10 |     1 ||    11
Dodge: Dodged            |    18 |     1 ||    19

Table legend: (Time is in decaauts)
 A = Elapsed time spent in this place.
 B = Non-inter-level travel time spent in this place.
 C = Inter-level travel time spent in this place.
 D = Time resting spent in this place.
 E = Time spent auto-exploring this place.
 F = Levels seen in this place.
 G = Mean time per level.
                   A        B        C        D        E       F      G
               +--------+--------+--------+--------+--------+-----+--------+
         Total |    790 |    781 |      9 |      0 |    623 |   2 |  395.0 |
       Dungeon |    790 |    781 |      9 |      0 |    623 |   2 |  395.0 |
               +--------+--------+--------+--------+--------+-----+--------+

Top non-repeatable levels by time:
     D:1: 507 daAuts
     D:2: 282 daAuts
